 Dungeon Crawl Stone Soup version 0.20.0-7-g3b7b877 (webtiles) character file.

448950 hittemv20vhard the Fencer (level 22, -4/202 HPs)
             Began as a Demigod Gladiator on May 28, 2017.
             Killed from afar by a deep troll earth mage (22 damage)
             ... with a blast of rock fragments
             ... on level 3 of the Depths on May 29, 2017.
             The game lasted 04:07:31 (67533 turns).

hittemv20vhard the Fencer (Demigod Gladiator)      Turns: 67533, Time: 04:07:32

Health: -4/202     AC: 36    Str: 19    XL:     22   Next: 14%
Magic:  39/39      EV: 19    Int: 16    God:
Gold:   1243       SH:  0    Dex: 29    Spells: 8/21 levels left

rFire    + . .     SeeInvis +   a - +8 great sword (elec)
rCold    + . .     Gourm    .   (shield currently unavailable)
rNeg     . . .     Faith    .   j - +2 storm dragon scales
rPois    .         Spirit   .   c - +1 helmet {SInv} {sInv}
rElec    +         Reflect  .   N - +0 cloak of Modgheike {rF+ Slay+2}
rCorr    .         Harm     .   K - +2 pair of gloves
MR       +++..                  r - +1 pair of boots "Ydilo" {*Drain +Blink MR+ Int+4}
Stlth    ..........             v - amulet of rage
Regen    0.5/turn               I - ring of protection from cold
MPRegen  0.3/turn               F - +5 ring of protection

@: berserk cooldown, very slightly contaminated, slowed, invisible, very slow
A: high mp 1
}: 2/15 runes: decaying, serpentine
a: Evoke Blink, Evoke Berserk Rage


You were on level 3 of the Depths.
You were not hungry.

You visited 8 branches of the dungeon, and saw 40 of its levels.
You visited the Abyss 2 times.
You also visited: Ossuary and Ice Cave.

You collected 5616 gold pieces.
You spent 4373 gold pieces at shops.

Inventory:

Hand Weapons
 a - a +8 great sword of electrocution (weapon)
 b - a +0 long sword of flaming
Missiles
 Z - 4 throwing nets {=f}
Armour
 c - a +1 helmet of see invisible (worn) {sInv}
 j - +2 storm dragon scales (worn)
 r - the +1 pair of boots "Ydilo" (worn) {*Drain +Blink MR+ Int+4}
   (You found it on level 1 of the Depths)

   It affects your intelligence (+4).
   It affects your resistance to hostile enchantments.
   It lets you blink.
   It causes draining when unequipped.
 K - a +2 pair of gloves (worn)
 N - the +0 cloak of Modgheike (worn) {rF+ Slay+2}
   (You found it on level 3 of the Swamp)

   It affects your accuracy and damage with ranged weapons and melee attacks
   (+2).
   It protects you from fire.
Jewellery
 m - an uncursed ring of protection from magic
 v - an amulet of rage (around neck)
 F - a +5 ring of protection (right hand)
 G - a +4 ring of strength
 I - a ring of protection from cold (left hand)
Wands
 d - a wand of disintegration (10/24)
 k - a wand of disintegration (13/24)
 o - a wand of iceblast (0/15)
 q - a wand of polymorph (13/24)
 x - a wand of enslavement (9/24)
 z - a wand of polymorph (2/24)
 D - a wand of digging (15/24)
 E - a wand of flame (28/48)
 H - a wand of lightning (6/15)
 Q - a wand of disintegration (7/24)
 R - a wand of paralysis (2/24)
 T - a wand of flame (27/48)
 W - a wand of confusion (24/48)
Scrolls
 e - 2 scrolls of fear
 f - 3 scrolls of fog
 i - a scroll of identify
 l - 4 scrolls of magic mapping {!r}
 p - 23 scrolls of remove curse
 t - 10 scrolls of teleportation {!r}
 w - a scroll of silence {!r}
 B - 4 scrolls of blinking {!r}
 L - a scroll of enchant armour
 P - 6 scrolls of vulnerability {!r!r}
 X - 4 scrolls of immolation {!r}
Potions
 g - 8 potions of mutation {!q}
 n - 24 potions of curing
 u - 3 potions of resistance
 A - 12 potions of lignification {!q}
 J - 7 potions of flight
 Y - 2 potions of cancellation
Miscellaneous
 y - a lamp of fire
 C - 4 sacks of spiders
 O - a phantom mirror
 U - a box of beasts
 V - a phial of floods
Comestibles
 h - 8 royal jellies
 S - a meat ration


   Skills:
 + Level 18.2 Fighting
 - Level 20.0 Long Blades
 - Level 1.7 Throwing
 + Level 18.1 Armour
 - Level 13.0 Dodging
   Level 4.0 Shields
 + Level 15.7 Evocations


You had 8 spell levels left.
You knew the following spells:

 Your Spells              Type           Power        Failure   Level  Hunger
a - Shroud of Golubria    Chrm/Tloc      #.........   88%         2    ###....
b - Sandblast             Erth           #.....       77%         1    ##.....
r - Regeneration          Chrm/Necr      #.........   98%         3    ####...
s - Swiftness             Chrm/Air       #.......     88%         2    ###....
w - Passwall              Tmut/Erth      #.........   88%         2    ###....
z - Spectral Weapon       Hex/Chrm       #.......     98%         3    ####...


Dungeon Overview and Level Annotations

Branches:
Dungeon (15/15)            Temple (1/1) D:6            Lair (6/6) D:8
  Swamp (4/4) Lair:4        Snake (4/4) Lair:4        Slime (0/5) Lair:5
    Orc (2/2) D:12            Elf (0/3) Orc:2        Vaults (4/5) D:14
  Crypt (0/3) Vaults:2     Depths (4/5) D:15

Shops:
D:7 (   D:9 (   D:11 %   D:12 [   Orc:2 %(!}   Snake:3 ==}   Vaults:1 (=

Portals:
Hell: Depths:1 Depths:2 Depths:3
Pandemonium: Depths:3
Ziggurat: Depths:1
Trove: Depths:3 (give 4 scrolls of blinking)

Annotations:
D:4 Edmund
D:5 exclusion: upstairs
D:7 exclusion: downstairs
D:14 digging
D:15 2 transporters, exclusion: obsidian statue
Lair:1 exclusion: downstairs
Lair:5 exclusion: oklob plant
Swamp:1 exclusion: downstairs
Swamp:2 skittles's ghost, adept DrFE
Swamp:3 exclusion: downstairs
Snake:2 exclusion: downstairs
Snake:3 Mara
Snake:4 exclusion: upstairs
Vaults:3 exclusion: downstairs
Vaults:4 exclusion: 3 downstairs
Depths:2 2 runed doors


Innate Abilities, Weirdness & Mutations

You have an increased reservoir of magic. (+10% MP)


Message History

The deep troll bites you but does no damage.
The deep troll completely misses you.
The deep troll claws you but does no damage.
The deep troll dies!
The troll leather armour is intact enough to wear.
You regained 5 hp, and now have 17/202 hp.
Your surroundings suddenly seem different.
A deep troll shaman comes into view.
The deep troll shaman shouts!
An iron troll comes into view.
The iron troll shouts!
A deep troll comes into view.
The deep troll shouts!
A deep troll earth mage comes into view.
The deep troll earth mage shouts!
A great orb of eyes comes into view.
The great orb of eyes turns its gaze towards you.
The deep troll earth mage points at you and mumbles some strange words.
The wall shatters!
The blast of rock fragments hits you!
You die...

#..............##..#....
##⌠.⌠##..#.#...##.##....
#...##........#§§#.....
#⌠.⌠##........#§.#.=∩..
##...##........#§.#.....
#.....#........##.##....
#..)..#..#.....##(.#.[..
##8.8##.........#..##...
######@..G.T...##§.##.#
#....TTT......#...###
#...T.......#.##§..#.
#......T.......##§§.§
#........####...##.§§
#................####
#########...#....###.#.....
#...≈≈≈.......#......##.#.#
#.#######.......#....#..#.#


You could see an iron troll (wandering), a great orb of eyes, 3 deep trolls, a
deep troll earth mage and a deep troll shaman.

Vault maps used:
D:1:      noname_arrival_rooms_in_the_neighbourhood, serial_bayou_lagoon_b
D:3:      uniq_jessica
D:4:      led_xom_imps, kennysheep_mini_moat, uniq_menkaure
D:5:      dancing_weapons_uskayaw, lemuel_coloured_pillars_altar, first_bread,
          minmay_misc_feat_more_columns, minmay_misc_feat_rows, uniq_edmund
D:6:      lemuel_zombie_altar_yredelemnul, minmay_temple_entry_mist,
          kennysheep_pointless_box
D:7:      nicolae_gozag_cash_rules_everything_around_me, serial_shops,
          shop_coins
D:8:      ashenzari_altar_1, grunt_lair_entry_orc_guard_hut,
          nicolae_ossuary_entry_ruins, minmay_misc_feat_encased, uniq_gastronok
D:9:      minmay_diamond_stairs, serial_shops, nicolae_shop_stone,
          minmay_splitting_lines, hangedman_fish_farm, fedhas_altar_4
D:10:     lightli_wizard_tower
D:11:     serial_shops, shop_statue, uniq_grum, uniq_erolcha
D:12:     orc_0_dummy, serial_shops, shop_statue, uniq_psyche
D:14:     hangedman_vaults_entry_quadrant_bands, kennysheep_cross_room,
          glass_columns_a, due_unseen_surprise, uniq_azrael
D:15:     grunt_enter_depths_snipers, tso_metal_star, gammafunk_sealed_arena
Temple:   nicolae_temple_great_sept
Lair:1:   grunt_megastairs_1, serial_bayou_shore_b, serial_bayou_shore_a,
          infiniplex_staircase_pool
Lair:2:   lab_entry_generic, special_room, grunt_forest_large_clearing_hut
Lair:3:   grunt_megastairs_2
Lair:4:   swamp_mist_pool, minmay_snake_entry_spellcaster
Lair:5:   slime_altar_1, portal_ice_cave_entry_pillars_2,
          minmay_lair_oklob_bushes
Lair:6:   hangedman_lair_caniforms_friends, hangedman_lair_tendril_chambers,
          grunt_forest_small_clearings
Swamp:1:  nicolae_swamp_very_dense_foliage
Swamp:2:  serial_swamp_ruin, evilmike_swamp_ruin_wall,
          evilmike_swamp_ruin_house_2, swamp_pool1
Swamp:3:  hangedman_swamp_ruin_wall, swamp_pool1, infiniplex_staircase_pool_2
Swamp:4:  swamp_alternative, swamp_pool1
Snake:1:  nicolae_coiled_stairwell_down, grunt_megastairs_3
Snake:2:  stair_cage_open
Snake:3:  minmay_shop_star, uniq_mara, uniq_bai_suzhen
Snake:4:  snake_pit, spider_trap, nicolae_snake_serpentine_hallways
Orc:1:    basic_altar, uniq_josephine
Orc:2:    st_orc_elflike, basic_altar
Vaults:1: hangedman_vaults_trim, ontoclasm_vaults_pinch, v_misc_4,
          ontoclasm_vaults_twist, v_alt_pattern_6,
          vaults_room_grunt_arrival_checkpoint, nicolae_vaults_little_squares_2,
          nicolae_vaults_angled_halls, v_alt_pattern_2, v_pattern_4, v_misc_17,
          vaults_room_hangedman_quadrants, serial_shops, shop, shop
Vaults:2: v_rooms_5, minmay_crypt_entry_simple_plaza,
          nicolae_vaults_network_barrier, grunt_vaults_focal, vaults_dpeg_hooks,
          vaults_mumra_hexcomb, vaults_room_semicircle, vaults_dpeg_ring,
          uniq_boris
Vaults:3: nicolae_vaults_shelves_hall, serial_ice_b,
          ontoclasm_vaults_decontamination, uniq_saint_roka
Vaults:4: ontoclasm_vaults_gateway, hangedman_vaults_restitches,
          vaults_standard_mumra_enter_the_diamond, nicolae_vaults_holding_cells,
          v_misc_5, nicolae_vaults_border_crossing, nicolae_vaults_asterisk,
          nicolae_vaults_mini_display_case
Depths:1: minmay_heptahexagon, enter_ziggurat_a, minmay_door_square, hell_entry,
          minmay_fire_ice_demons, grunt_megastairs_4,
          infiniplex_staircase_pool_lava
Depths:2: evilmike_makhleb_hellhole, roderic_lattice_a, hell_entry,
          dk_noncrumbling_2, uniq_nikola
Depths:3: cheibrodos_poisonous_passages, pan_entry, nicolae_trove_entry_columns,
          pf_hell_entry_tar_river, corexii_corridor_pit,
          small_chamber_with_monster, minmay_crystal_room,
          infiniplex_staircase_trident
Depths:4: kb_forest_paths, okawaru_ov_weapons_minmay, abyss_entry_crystal,
          hell_entry, not_door_vault_mu, minmay_curled_crystal
Ossuary:  ossuary_minmay_four_chambers
IceCv:    ice_cave_tombish

Notes
Turn   | Place    | Note
-------+----------+-------------------------------------------
     0 | D:1      | hittemv20vhard the Demigod Gladiator began the quest for the Orb.
     0 | D:1      | Reached XP level 1. HP: 17/17 MP: 3/3
     4 | D:1      | Identified an amulet of guardian spirit (You found it on level 1 of the Dungeon)
    52 | D:1      | Reached skill level 3 in Long Blades
   331 | D:1      | Reached XP level 2. HP: 24/24 MP: 4/4
   367 | D:1      | Identified a +0 scale mail (You found it on level 1 of the Dungeon)
   455 | D:1      | Identified a +0 pair of gloves (You found it on level 1 of the Dungeon)
   756 | D:1      | Identified 2 scrolls of teleportation
   760 | D:1      | Identified 2 scrolls of remove curse
   761 | D:1      | Identified a ring of fire (You found it on level 1 of the Dungeon)
   764 | D:1      | Identified an amulet of reflection (You took it off a hobgoblin on level 1 of the Dungeon)
   801 | D:2      | Identified a +0 pair of boots (You found it on level 2 of the Dungeon)
   961 | D:2      | Reached XP level 3. HP: 29/29 MP: 5/5
   998 | D:2      | Reached skill level 4 in Long Blades
  1098 | D:2      | Identified a +0 chain mail (You found it on level 2 of the Dungeon)
  1506 | D:2      | Identified 3 scrolls of identify
  1506 | D:2      | Identified 2 potions of curing
  1507 | D:2      | Identified a potion of berserk rage
  1508 | D:2      | Identified a potion of brilliance
  1523 | D:3      | Noticed Jessica
  1535 | D:3      | Killed Jessica
  1535 | D:3      | Reached XP level 4. HP: 31/36 MP: 6/6
  1712 | D:3      | Identified a ring of see invisible (You found it on level 3 of the Dungeon)
  1713 | D:3      | Identified a ring of magical power (You found it on level 2 of the Dungeon)
  2285 | D:3      | Reached skill level 5 in Long Blades
  2706 | D:4      | Identified 2 scrolls of amnesia
  2708 | D:4      | Identified an amulet of faith (You took it off an orc on level 3 of the Dungeon)
  3007 | D:4      | Noticed Menkaure
  3018 | D:4      | Killed Menkaure
  3018 | D:4      | Reached skill level 6 in Long Blades
  3018 | D:4      | Reached XP level 5. HP: 41/41 MP: 7/7
  3077 | D:4      | Found a shimmering altar of Xom.
  3119 | D:4      | Reached XP level 6. HP: 47/48 MP: 8/8
  3280 | D:4      | Found a stormy altar of Qazlal.
  3564 | D:5      | Entered Level 5 of the Dungeon
  3814 | D:5      | Noticed Edmund
  3981 | D:5      | Noticed a dagger
  3982 | D:5      | Noticed a hand axe
  3985 | D:5      | Found a hide-covered altar of Uskayaw.
  3997 | D:5      | Reached skill level 7 in Long Blades
  4466 | D:5      | Identified 2 potions of degeneration
  4527 | D:5      | Reached XP level 7. HP: 41/53 MP: 9/9
  4726 | D:5      | Reached skill level 8 in Long Blades
  4971 | D:5      | Found a hazy altar of Hepliaklqana.
  5403 | D:6      | Got a faintly humming buckler
  5409 | D:6      | Identified the +0 buckler "Puckidgh" {Regen+ rCorr Int-4 Dex+5} (You found it on level 6 of the Dungeon)
  5417 | D:6      | Found a staircase to the Ecumenical Temple.
  5443 | Temple   | Entered the Ecumenical Temple
  5543 | D:6      | Reached skill level 9 in Long Blades
  5620 | D:6      | Identified a ring of protection from magic (You found it on level 6 of the Dungeon)
  5622 | D:6      | Identified a ring of wizardry (You found it on level 6 of the Dungeon)
  5790 | D:6      | Identified a potion of haste
  5886 | D:6      | Found a basalt altar of Yredelemnul.
  6059 | D:7      | Reached XP level 8. HP: 52/60 MP: 10/10
  6182 | D:7      | Reached skill level 10 in Long Blades
  6341 | D:7      | Found Duoxka Wikas's Antique Weapon Boutique.
  6379 | D:7      | Bought a faintly glowing falchion for 160 gold pieces
  6379 | D:7      | Identified the +10 falchion of Dismemberment {venom, rPois rC+ Dex+4} (You bought it in a shop on level 7 of the Dungeon)
  6437 | D:7      | Identified a +0 plate armour (You found it on level 7 of the Dungeon)
  6481 | D:7      | Found an opulent altar of Gozag.
  6585 | D:7      | Reached skill level 2 in Fighting
  6671 | D:7      | Reached skill level 1 in Armour
  6718 | D:7      | You fall through a shaft for 3 floors!
  6718 | D:10     | Entered Level 10 of the Dungeon
  6970 | D:8      | Reached skill level 3 in Fighting
  6970 | D:8      | Reached skill level 2 in Armour
  7090 | D:8      | Found a sand-covered staircase.
  7097 | Ossuary  | Entered an ossuary
  7188 | Ossuary  | Reached skill level 3 in Armour
  7188 | Ossuary  | Reached XP level 9. HP: 68/71 MP: 11/11
  7216 | Ossuary  | Reached skill level 4 in Fighting
  7307 | D:8      | Identified 2 potions of flight
  7308 | D:8      | Identified 2 scrolls of vulnerability
  7361 | D:8      | Noticed a two-headed ogre
  7397 | D:9      | Reached skill level 4 in Armour
  7424 | D:9      | Noticed an orb spider
  7437 | D:9      | Noticed a black mamba
  7444 | D:9      | Killed a black mamba
  7495 | D:9      | Identified 2 potions of heal wounds
  7537 | D:9      | Noticed a tengu warrior
  7588 | D:9      | Killed a tengu warrior
  7588 | D:9      | Reached skill level 5 in Fighting
  7588 | D:9      | Reached skill level 11 in Long Blades
  7588 | D:9      | Reached skill level 5 in Armour
  7690 | D:9      | Identified a potion of mutation
  7719 | D:9      | Identified a ring of ice (You found it on level 9 of the Dungeon)
  7834 | D:8      | Reached skill level 3 in Dodging
  7894 | D:8      | Cast into level 1 of the Abyss (orc)
  7894 | Abyss:1  | Found a corrupted altar of Lugonu.
  7897 | Abyss:1  | Noticed a worldbinder
  7937 | Abyss:1  | Noticed a thrashing horror
  7945 | Abyss:1  | Killed a thrashing horror
  7945 | Abyss:1  | Reached skill level 6 in Fighting
  7945 | Abyss:1  | Reached XP level 10. HP: 55/83 MP: 13/13
  7974 | Abyss:1  | Noticed a sixfirhy
  7989 | Abyss:1  | Identified a +0 cloak (You found it on level 1 of the Abyss)
  7996 | Abyss:1  | Noticed a large abomination
  8013 | Abyss:1  | Killed a large abomination
  8018 | Abyss:1  | Noticed a tentacled starspawn
  8029 | Abyss:1  | Noticed a rust devil
  8037 | Abyss:1  | Noticed a shadow dragon
  8087 | Abyss:1  | Noticed a thrashing horror
  8095 | Abyss:1  | Noticed a smoke demon
  8096 | Abyss:1  | Noticed a glowing orange brain
  8132 | Abyss:1  | Found a corrupted altar of Lugonu.
  8233 | Abyss:2  | Reached skill level 4 in Dodging
  8255 | D:8      | Escaped the Abyss
  8338 | D:8      | Found a shattered altar of Ashenzari.
  8480 | D:8      | Reached skill level 5 in Dodging
  8707 | D:8      | Noticed Gastronok
  8728 | D:8      | Killed Gastronok
  8728 | D:8      | Reached skill level 7 in Fighting
  8728 | D:8      | Reached skill level 12 in Long Blades
  8746 | D:8      | Identified a +2 hat (You took it off Gastronok on level 8 of the Dungeon)
  8756 | D:8      | Identified a +0 helmet
  9277 | D:8      | Found a staircase to the Lair.
  9529 | D:8      | Killed a two-headed ogre
  9529 | D:8      | Reached skill level 6 in Dodging
  9529 | D:8      | Reached XP level 11. HP: 75/94 MP: 14/14
  9600 | D:8      | Identified a +2 pair of gloves (You found it on level 8 of the Dungeon)
  9671 | D:9      | Found Cystrion's Weapon Shoppe.
  9722 | D:9      | Identified +0 steam dragon scales
  9782 | D:9      | Found a blossoming altar of Fedhas.
 10035 | D:9      | Reached skill level 8 in Fighting
 10694 | D:10     | Noticed a wizard
 10705 | D:10     | Killed a wizard
 11154 | D:3      | Identified a +0 rapier (You found it on level 3 of the Dungeon)
 11287 | Lair:1   | Entered Level 1 of the Lair of Beasts
 11372 | Lair:1   | Reached skill level 7 in Dodging
 11788 | Lair:1   | Reached skill level 9 in Fighting
 12069 | Lair:1   | Noticed a five-headed hydra
 12092 | Lair:1   | Killed a five-headed hydra
 12092 | Lair:1   | Reached skill level 13 in Long Blades
 12477 | Lair:2   | Reached skill level 8 in Dodging
 12681 | Lair:2   | Reached XP level 12. HP: 79/105 MP: 15/15
 13380 | Lair:2   | Noticed a six-headed hydra
 13381 | Lair:2   | Noticed a six-headed hydra
 13387 | Lair:2   | Reached skill level 10 in Fighting
 13417 | Lair:1   | Killed a six-headed hydra
 13886 | Lair:3   | Reached skill level 9 in Dodging
 14108 | Lair:3   | Identified a ring of strength (You found it on level 3 of the Lair of Beasts)
 14312 | Lair:3   | Noticed a five-headed hydra
 14326 | Lair:3   | Killed a five-headed hydra
 14920 | Lair:4   | Found a staircase to the Snake Pit.
 15091 | Lair:4   | Found a staircase to the Swamp.
 15161 | Lair:4   | Noticed a five-headed hydra
 15207 | Lair:4   | Killed a six-headed hydra
 15222 | Lair:4   | Reached skill level 14 in Long Blades
 15345 | Lair:4   | Noticed a five-headed hydra
 15631 | Lair:4   | Noticed a seven-headed hydra
 15639 | Lair:4   | Identified 6 potions of lignification
 15659 | Lair:4   | Killed a seven-headed hydra
 15659 | Lair:4   | Reached skill level 11 in Fighting
 15659 | Lair:4   | Reached skill level 10 in Dodging
 15942 | Lair:4   | Killed a 14-headed hydra
 15942 | Lair:4   | Reached XP level 13. HP: 44/116 MP: 16/16
 16186 | Lair:4   | Reached skill level 1 in Evocations
 16529 | Lair:5   | Found a staircase to the Slime Pits.
 16529 | Lair:5   | Found a viscous altar of Jiyva.
 16576 | Lair:5   | Reached skill level 6 in Armour
 16576 | Lair:5   | Reached skill level 2 in Evocations
 16710 | Lair:5   | Found a frozen archway.
 16724 | Lair:5   | Identified a cursed -3 rapier (You found it on level 2 of the Lair of Beasts)
 16734 | IceCv    | Entered an ice cave
 17257 | IceCv    | Reached skill level 3 in Evocations
 17373 | IceCv    | Reached skill level 7 in Armour
 17435 | IceCv    | Got an ivory quarterstaff
 17437 | IceCv    | Got a twisted spear
 17449 | IceCv    | Identified the cursed +1 quarterstaff "Emaa" {venom, +Fly} (You found it in an ice cave)
 17452 | IceCv    | Identified the cursed +0 spear "Foin" {antimagic, *Slow rElec rC+ Dex+2} (You found it in an ice cave)
 17457 | IceCv    | Identified a +4 quarterstaff of protection (You found it in an ice cave)
 17601 | Lair:5   | Identified a ring of flight (You found it on level 5 of the Lair of Beasts)
 18419 | Lair:5   | Identified a ring of protection (You found it on level 5 of the Lair of Beasts)
 18459 | Lair:6   | Entered Level 6 of the Lair of Beasts
 18469 | Lair:6   | Reached skill level 4 in Evocations
 18628 | Lair:6   | Reached skill level 8 in Armour
 19142 | Lair:6   | Reached skill level 9 in Armour
 19179 | Lair:6   | Reached skill level 12 in Fighting
 19205 | Lair:6   | Got a dazzling short sword
 19210 | Lair:6   | Identified the +7 short sword "Vaigior" {venom, rN+ MR+} (You found it on level 6 of the Lair of Beasts)
 19411 | Lair:6   | Reached XP level 14. HP: 126/126 MP: 20/20
 19798 | Lair:6   | Reached skill level 10 in Armour
 20476 | Lair:6   | Identified a +0 leather armour of fire resistance (You found it on level 6 of the Lair of Beasts)
 20598 | Lair:6   | Reached skill level 11 in Armour
 20626 | Lair:6   | Identified a cursed +0 large shield (You found it on level 6 of the Lair of Beasts)
 21168 | D:11     | Identified a +0 troll leather armour
 21188 | D:11     | Found Guduh's Food Shoppe.
 21188 | D:11     | Noticed Erolcha
 21194 | D:11     | Killed Erolcha
 21226 | D:11     | Noticed Grum
 21235 | D:11     | Killed Grum
 21823 | D:12     | Found a staircase to the Orcish Mines.
 21890 | D:12     | Noticed Psyche
 21898 | D:12     | Killed Psyche
 22142 | D:12     | Identified a +2 pair of gloves (You found it on level 12 of the Dungeon)
 22152 | D:12     | Found Ucuoj's Antique Armour Shoppe.
 22170 | D:12     | Bought a bloodstained plate armour for 868 gold pieces
 22181 | D:12     | Identified the +2 plate armour of Fenuj {+Inv rF++} (You bought it in a shop on level 12 of the Dungeon)
 22378 | D:12     | Identified 4 scrolls of enchant armour
 22379 | D:12     | Identified 5 scrolls of blinking
 22380 | D:12     | Identified 3 scrolls of holy word
 22382 | D:12     | Identified 3 scrolls of magic mapping
 22404 | D:12     | Identified a ring of resist corrosion (You found it on level 12 of the Dungeon)
 22617 | D:12     | Reached skill level 13 in Fighting
 22915 | Orc:1    | Entered Level 1 of the Orcish Mines
 23100 | Orc:1    | Noticed Josephine
 23110 | Orc:1    | Killed Josephine
 23164 | Orc:1    | Found a roughly hewn altar of Beogh.
 23319 | Orc:2    | Entered Level 2 of the Orcish Mines
 23437 | Orc:2    | Reached skill level 12 in Armour
 23606 | Orc:2    | Found a roughly hewn altar of Beogh.
 23909 | Orc:2    | Found a staircase to the Elven Halls.
 24038 | Orc:2    | Found Nibaica's Gadget Shop.
 24345 | Orc:2    | Reached skill level 5 in Evocations
 24686 | Orc:2    | Identified 3 potions of might
 24687 | Orc:2    | Identified 2 scrolls of fear
 24688 | Orc:2    | Identified 2 scrolls of fog
 24689 | Orc:2    | Identified 2 scrolls of recharging
 24690 | Orc:2    | Identified 2 scrolls of random uselessness
 24692 | Orc:2    | Identified 2 scrolls of noise
 24697 | Orc:2    | Identified a potion of magic
 25034 | Orc:2    | Found Pasy's Antique Weapon Shoppe.
 25040 | Orc:2    | Found Utaste Zixt's Food Shoppe.
 25042 | Orc:2    | Found Lain's Distillery.
 25050 | Orc:2    | Bought a potion of curing for 42 gold pieces
 25050 | Orc:2    | Bought a potion of heal wounds for 70 gold pieces
 25050 | Orc:2    | Bought a potion of curing for 42 gold pieces
 25050 | Orc:2    | Bought 2 potions of resistance for 280 gold pieces
 25050 | Orc:2    | Bought a potion of might for 56 gold pieces
 25062 | Orc:2    | Bought a lamp of fire for 480 gold pieces
 25313 | D:13     | Reached XP level 15. HP: 136/136 MP: 23/23
 25397 | D:13     | Reached skill level 6 in Evocations
 25416 | D:13     | Identified a potion of agility
 26006 | D:14     | Identified a potion of invisibility
 26105 | D:14     | Reached skill level 7 in Evocations
 26282 | D:14     | Found a gate to the Vaults.
 26318 | D:14     | Noticed Azrael
 26361 | D:14     | Killed Azrael
 27327 | Swamp:1  | Entered Level 1 of the Swamp
 27614 | Swamp:1  | Reached skill level 8 in Evocations
 27669 | Swamp:1  | Identified a scarf of repulsion (You found it on level 1 of the Swamp)
 28075 | Swamp:2  | Noticed skittles's ghost (adept DrFE)
 28237 | Swamp:2  | Identified a potion of cancellation
 28286 | Swamp:2  | Identified a scroll of immolation
 28660 | Swamp:3  | Got a transparent cloak
 28694 | Swamp:3  | Identified the cursed +0 cloak of Modgheike {rF+ Slay+2} (You found it on level 3 of the Swamp)
 28828 | Swamp:3  | Reached skill level 11 in Dodging
 28947 | Swamp:3  | HP: 34/137 [shambling mangrove (23)]
 28952 | Swamp:3  | HP: 29/137 [poisoned by a spiny frog]
 29263 | Swamp:2  | Reached skill level 13 in Armour
 29648 | Swamp:3  | Reached skill level 1 in Shields
 29659 | Swamp:3  | Identified 2 scrolls of enchant weapon
 30015 | Swamp:3  | Learned a level 2 spell: Shroud of Golubria
 30019 | Swamp:3  | Learned a level 3 spell: Regeneration
 30023 | Swamp:3  | Learned a level 3 spell: Spectral Weapon
 30041 | Swamp:4  | Entered Level 4 of the Swamp
 30096 | Swamp:3  | Identified +0 swamp dragon scales
 30171 | Swamp:3  | Reached skill level 2 in Shields
 30316 | Swamp:4  | Reached skill level 9 in Evocations
 30353 | Swamp:4  | Identified +0 swamp dragon scales
 30602 | Swamp:3  | Reached XP level 16. HP: 114/145 MP: 27/27
 30735 | Swamp:3  | Reached skill level 3 in Shields
 30936 | Swamp:4  | Reached skill level 14 in Fighting
 31140 | Swamp:4  | Identified +0 swamp dragon scales
 31140 | Swamp:4  | Reached skill level 4 in Shields
 31187 | Swamp:4  | Got a decaying rune of Zot
 31312 | Swamp:4  | Identified a scroll of torment
 31320 | Swamp:4  | Got an ancient great mace
 31965 | Swamp:4  | Identified the +5 great mace of Diggor {flame, +Rage +Inv} (You found it on level 4 of the Swamp)
 32306 | D:15     | Entered Level 15 of the Dungeon
 32391 | D:15     | Found a glowing golden altar of the Shining One.
 32542 | D:15     | Found a transporter.
 32681 | D:15     | Found a transporter.
 32838 | D:15     | Found a staircase to the Depths.
 33690 | Snake:1  | Entered Level 1 of the Snake Pit
 34365 | Snake:1  | Reached skill level 12 in Dodging
 34373 | Snake:1  | Reached skill level 10 in Evocations
 34709 | Snake:1  | Identified a scroll of brand weapon
 35739 | Snake:2  | Identified a cursed +0 chain mail (You found it on level 2 of the Snake Pit)
 36291 | Snake:2  | Identified a +2 chain mail of fire resistance (You found it on level 2 of the Snake Pit)
 36353 | Snake:2  | Learned a level 1 spell: Sandblast
 36771 | Snake:3  | Reached skill level 14 in Armour
 36946 | Snake:3  | Identified a scroll of silence
 37170 | Snake:3  | Reached XP level 17. HP: 149/154 MP: 29/29
 37356 | Snake:3  | Found Vuerghemm's Jewellery Shop.
 37356 | Snake:3  | Found Byuheemp's Jewellery Boutique.
 37360 | Snake:3  | Found Nasut's Gadget Shop.
 37368 | Snake:3  | Bought a phantom mirror for 330 gold pieces
 37368 | Snake:3  | Bought a sack of spiders for 220 gold pieces
 37368 | Snake:3  | Bought a box of beasts for 220 gold pieces
 37390 | Snake:3  | Noticed Mara
 37391 | Snake:3  | Noticed hittemv20vhard's illusion
 37484 | Snake:3  | Noticed Bai Suzhen
 37516 | Snake:3  | Killed Bai Suzhen
 37691 | Snake:3  | Noticed hittemv20vhard's illusion
 37755 | Snake:4  | Entered Level 4 of the Snake Pit
 38366 | Snake:4  | Reached skill level 11 in Evocations
 38378 | Snake:4  | Reached skill level 15 in Fighting
 38559 | Snake:4  | Upgraded the game from 0.20.0-6-gd3061e9 to 0.20.0-7-g3b7b877
 39034 | Snake:4  | Reached skill level 13 in Dodging
 39869 | Snake:3  | Noticed hittemv20vhard's illusion
 40539 | Snake:4  | Identified an amulet of harm (You found it on level 3 of the Snake Pit)
 40565 | Snake:3  | Bought an uncursed amulet of rage for 560 gold pieces
 40567 | Snake:3  | Identified a ring of protection from cold (You took it off a salamander on level 4 of the Snake Pit)
 40865 | Snake:4  | Reached skill level 12 in Evocations
 41338 | Snake:4  | Reached skill level 15 in Armour
 41648 | Snake:4  | Got a serpentine rune of Zot
 42052 | Vaults:1 | Entered Level 1 of the Vaults
 42124 | Vaults:1 | Found Xivodej's Weapon Boutique.
 42190 | Vaults:1 | Noticed an entropy weaver
 42216 | Vaults:1 | Killed an entropy weaver
 42358 | Vaults:1 | Reached XP level 18. HP: 151/166 MP: 31/31
 43165 | Vaults:1 | Noticed a deep elf sorcerer
 43197 | Vaults:1 | Killed a deep elf sorcerer
 43308 | Vaults:1 | Reached skill level 16 in Fighting
 43473 | Vaults:1 | Found Xaderchu's Jewellery Boutique.
 43518 | Vaults:1 | Got a slimy buckler
 43529 | Vaults:1 | Identified the -5 buckler of a bazaar {Str+4} (You found it on level 1 of the Vaults)
 43692 | Vaults:1 | Identified +0 acid dragon scales
 44266 | Vaults:2 | Reached skill level 13 in Evocations
 44524 | Vaults:2 | You fall through a shaft for 2 floors!
 44902 | Vaults:3 | Noticed Saint Roka
 45076 | Vaults:3 | Killed Saint Roka
 45076 | Vaults:3 | Reached skill level 16 in Armour
 45749 | Vaults:2 | Noticed Boris
 45796 | Vaults:3 | Killed Boris
 46256 | Vaults:1 | Bought a +5 ring of protection for 1045 gold pieces
 46709 | Vaults:2 | Identified +0 fire dragon scales
 46709 | Vaults:2 | Reached XP level 19. HP: 157/174 MP: 34/34
 46782 | Vaults:2 | Found a staircase to the Crypt.
 47737 | Vaults:4 | Noticed an entropy weaver
 47740 | Vaults:4 | Reached skill level 14 in Evocations
 47764 | Vaults:4 | Killed an entropy weaver
 48023 | Vaults:4 | Noticed Hailrake's ghost (adept MiBe)
 48219 | Vaults:4 | Killed Hailrake's ghost
 48219 | Vaults:4 | Reached skill level 17 in Fighting
 48729 | Vaults:4 | Noticed a deep elf demonologist
 48752 | Vaults:4 | Noticed a Tzitzimitl
 48762 | Vaults:4 | Noticed an entropy weaver
 48783 | Vaults:4 | HP: 43/177 [redback (3)]
 48788 | Vaults:4 | HP: 29/177 [poisoned by a redback]
 48793 | Vaults:3 | HP: 41/265 [poisoned by a redback]
 48798 | Vaults:3 | HP: 26/177 [poisoned by a redback]
 48803 | Vaults:3 | HP: 26/177 [poisoned by a redback]
 48808 | Vaults:3 | HP: 28/177 [poisoned by a redback]
 48814 | Vaults:3 | HP: 32/177 [poisoned by a redback]
 48820 | Vaults:3 | HP: 37/177 [poisoned by a redback]
 49395 | Vaults:4 | Reached skill level 17 in Armour
 49680 | Vaults:4 | Killed an entropy weaver
 50450 | Vaults:4 | Cast into level 2 of the Abyss (a deep elf demonologist)
 50659 | Abyss:2  | Noticed a lich
 50659 | Abyss:2  | Paralysed by a lich for 5 turns
 50687 | Abyss:2  | Killed a lich
 50787 | Vaults:4 | Escaped the Abyss
 50796 | Vaults:4 | Noticed an Ice Fiend
 50798 | Vaults:4 | Killed a deep elf demonologist
 51134 | Vaults:4 | Identified +0 fire dragon scales
 51141 | Vaults:4 | Got a faintly humming scale mail
 51152 | Vaults:4 | Identified the +0 scale mail of Amorality {rPois rC+ Int+4 Dex+2} (You found it on level 4 of the Vaults)
 51350 | Depths:1 | Entered Level 1 of the Depths
 51359 | D:15     | Identified a +0 troll leather armour
 51374 | D:15     | Identified a +0 troll leather armour
 51454 | D:15     | Identified a +0 troll leather armour
 51591 | Depths:1 | Identified a +0 troll leather armour
 51875 | Depths:1 | Reached skill level 15 in Evocations
 52312 | D:15     | Identified a +0 troll leather armour
 52323 | D:15     | Identified a +0 troll leather armour
 52323 | D:15     | Reached XP level 20. HP: 112/187 MP: 36/36
 52436 | Depths:1 | Identified a +0 troll leather armour
 52750 | Depths:1 | Identified the cursed +0 whip of the Skies Above {freeze, rElec Str-4 Int+4 SInv} (You found it on level 1 of the Depths)
 52856 | D:15     | Identified +0 fire dragon scales
 53199 | D:15     | Reached skill level 18 in Fighting
 53451 | Vaults:4 | Identified a +0 long sword of flaming (You took it off a vault warden on level 4 of the Vaults)
 53544 | Vaults:3 | Identified a +2 plate armour of poison resistance (You took it off Saint Roka on level 3 of the Vaults)
 53560 | Vaults:3 | Identified a +4 great sword of electrocution (You took it off Saint Roka on level 3 of the Vaults)
 54239 | Swamp:1  | HP: 50/280 [thorn hunter/volley of thorns (23)]
 55017 | Depths:1 | Identified +0 fire dragon scales
 55761 | D:15     | Identified +0 storm dragon scales
 56010 | Depths:1 | Reached skill level 15 in Long Blades
 56636 | D:15     | Identified +0 ice dragon scales
 56903 | Depths:1 | Identified a ring of teleportation (You took it off a boggart on level 1 of the Depths)
 56950 | Depths:1 | Identified a cursed +0 plate armour (You found it on level 1 of the Depths)
 57180 | Depths:1 | Identified a +2 hat (You found it on level 1 of the Depths)
 57404 | Depths:1 | Found a gateway to a ziggurat.
 57757 | Depths:1 | Identified a ring of dexterity (You took it off a centaur warrior on level 1 of the Depths)
 57767 | Depths:1 | Found a gateway to Hell.
 57845 | Depths:1 | Identified a +0 troll leather armour
 57973 | Depths:1 | Reached skill level 16 in Long Blades
 59305 | Depths:1 | Got a pair of transparent boots
 59316 | Depths:1 | Identified the +1 pair of boots "Ydilo" {*Drain +Blink MR+ Int+4} (You found it on level 1 of the Depths)
 60199 | Depths:2 | Noticed Nikola
 60595 | Depths:1 | Reached XP level 21. HP: 175/194 MP: 37/37
 60690 | Depths:2 | Killed Nikola
 60690 | Depths:2 | Reached skill level 17 in Long Blades
 61319 | Depths:2 | Identified a +0 troll leather armour
 61329 | Depths:2 | Identified a +0 troll leather armour
 61344 | Depths:2 | HP: 68/291 [spark wasp (5)]
 61364 | Depths:2 | HP: 46/194 [slime creature (2)]
 61987 | Depths:2 | Got an iridescent hunting sling
 61988 | Depths:2 | Identified the +8 hunting sling "Icweyqax" {speed, MR+ Str+4} (You found it on level 2 of the Depths)
 62022 | Depths:2 | Noticed a lich
 62031 | Depths:2 | Killed a lich
 62231 | Depths:2 | Reached skill level 18 in Long Blades
 63113 | Depths:2 | Found a burning altar of Makhleb.
 63125 | Depths:2 | Got a warped plate armour
 63136 | Depths:2 | Identified the cursed +1 plate armour of the Amoeba {Regen+ Int+7} (You found it on level 2 of the Depths)
 63154 | Depths:2 | Got a faintly glowing scarf
 63165 | Depths:2 | Identified the scarf of Xur Ipukk {rF+ Int+3 Dex+4} (You found it on level 2 of the Depths)
 63172 | Depths:2 | Got a flickering lapis lazuli ring
 63174 | Depths:2 | Identified the ring of Xasaaqaz {rCorr Str+4} (You found it on level 2 of the Depths)
 63177 | Depths:2 | Identified the Collected Works on Scorching Self-Knowledge
 63219 | Depths:2 | Found a runed door.
 63220 | Depths:2 | Found a runed door.
 63280 | Depths:2 | Noticed a deep elf demonologist
 63292 | Depths:2 | Killed a deep elf demonologist
 63375 | Depths:2 | Noticed a deep elf demonologist
 63383 | Depths:2 | Killed a deep elf demonologist
 63797 | Depths:3 | Identified a +0 troll leather armour
 63811 | Depths:3 | Identified a +0 troll leather armour
 64043 | Depths:3 | Reached skill level 19 in Long Blades
 64058 | Depths:3 | Found a one-way gate leading to the halls of Pandemonium.
 65140 | Depths:3 | Noticed a lich
 65143 | Depths:3 | Noticed a Brimstone Fiend
 65151 | Depths:3 | Killed a lich
 65319 | Depths:3 | Got a bloodstained scale mail
 65405 | Depths:3 | Found a portal to a secret trove of treasure.
 65631 | Depths:3 | Identified a +0 troll leather armour
 65637 | Depths:3 | Identified a +0 troll leather armour
 65646 | Depths:3 | Reached skill level 20 in Long Blades
 65650 | Depths:3 | Identified a +0 troll leather armour
 65653 | Depths:3 | Identified a +0 troll leather armour
 65833 | Depths:3 | Identified the cursed +1 scale mail of Grace {rCorr MP+9} (You took it off a skeletal warrior on level 3 of the Depths)
 66087 | Depths:3 | Reached XP level 22. HP: 165/202 MP: 38/38
 66532 | Depths:3 | Noticed a lich
 66546 | Depths:3 | Killed a lich
 66546 | Depths:3 | Reached skill level 18 in Armour
 66580 | Depths:3 | Identified a +1 helmet of see invisible (You found it on level 3 of the Depths)
 66592 | Depths:3 | Learned a level 2 spell: Swiftness
 66595 | Depths:3 | Learned a level 2 spell: Passwall
 66662 | Depths:3 | Identified a +0 troll leather armour
 66694 | Depths:3 | Identified a +0 troll leather armour
 67451 | Depths:4 | Identified +0 ice dragon scales
 67519 | Depths:3 | HP: 72/303 [deep troll (5)]
 67522 | Depths:3 | HP: 12/303 [deep troll (27)]
 67532 | Depths:3 | Identified a +0 troll leather armour
 67533 | Depths:3 | Killed from afar by a deep troll earth mage

Table legend:
 A = Turns spent in this place as a percentage of turns spent in the entire game.
 B = Non-inter-level travel turns spent in this place as a percentage of non-inter-level travel turns spent in the entire game.
 C = Inter-level travel turns spent in this place as a percentage of turns spent in this place.
 D = Turns resting spent in this place as a percentage of non-inter-level travel turns spent in this place.
 E = Turns spent auto-exploring this place as a percentage of non-inter-level travel turns spent in this place.
 F = Non-inter-level travel turns spent in this place divided by the number of levels of this place that you've seen.
                   A       B       C       D       E      F
               +-------+-------+-------+-------+-------+----------------------
         Total | 100.0 | 100.0 |   0.7 |   1.8 |   5.4 | 506.6
       Dungeon |  21.7 |  21.7 |   0.9 |   1.1 |   9.1 | 329.3
        Temple |   0.0 |   0.0 |   9.1 |   0.0 | 100.0 |  10.0
          Lair |  13.3 |  13.3 |   0.8 |   0.4 |   5.8 | 505.3
         Swamp |   8.1 |   8.1 |   1.5 |   2.9 |   5.1 | 460.2
     Snake Pit |  15.7 |  15.8 |   0.3 |   2.1 |   3.8 | 898.0
  Orcish Mines |   3.1 |   3.1 |   0.8 |   1.7 |   5.5 | 352.5
        Vaults |  16.5 |  16.5 |   0.5 |   2.1 |   3.7 | 939.2
        Depths |  16.5 |  16.6 |   0.4 |   2.9 |   4.4 | 945.0
         Abyss |   2.6 |   2.7 |   0.0 |   3.0 |   0.2 | 202.7
       Ossuary |   0.6 |   0.6 |   0.0 |   0.0 |   7.0 | 128.0
      Ice Cave |   1.8 |   1.8 |   0.0 |   1.5 |   2.7 | 403.0
               +-------+-------+-------+-------+-------+----------------------

Table legend:
 A = Kills in this place as a percentage of kills in entire the game.
 B = Kills by you in this place as a percentage of kills by you in the entire game.
 C = Kills by friends in this place as a percentage of kills by friends in the entire game.
 D = Other kills in this place as a percentage of other kills in the entire game.
 E = Experience gained in this place as a percentage of experience gained in the entire game.
 F = Experience gained in this place divided by the number of levels of this place that you have seen.
                   A       B       C       D       E      F
               +-------+-------+-------+-------+-------+----------------------
         Total | 100.0 | 100.0 | 100.0 | 100.0 | 100.0 | 19219.5
       Dungeon |  25.2 |  25.2 |   0.0 |  42.9 |  12.3 | 7098.8
          Lair |  13.8 |  13.9 |   0.0 |   0.0 |   8.1 | 11734.7
         Swamp |   7.5 |   7.4 |   0.0 |  42.9 |   6.7 | 14530.5
     Snake Pit |  12.1 |  12.2 |   0.0 |   0.0 |  14.4 | 31146.5
  Orcish Mines |   3.8 |   3.7 |  66.7 |   0.0 |   1.6 | 7094.5
        Vaults |  15.5 |  15.6 |   0.0 |  14.3 |  23.1 | 49928.2
        Depths |  18.9 |  19.0 |  33.3 |   0.0 |  31.5 | 68097.2
         Abyss |   1.2 |   1.2 |   0.0 |   0.0 |   1.5 | 4292.7
       Ossuary |   0.8 |   0.8 |   0.0 |   0.0 |   0.1 | 725.0
      Ice Cave |   1.2 |   1.2 |   0.0 |   0.0 |   0.6 | 5385.0
               +-------+-------+-------+-------+-------+----------------------

Skill      XL: |  1  2  3  4  5  6  7  8  9 10 11 12 13 14 15 16 17 18 19 20 21 22 |
---------------+-------------------------------------------------------------------+-----
Long Blades    | 3 4 6 7 9 10 11 12 13 14 16 20 | 20.0
Fighting       | 3 6 7 9 11 12 13 14 15 16 17 18 | 18.2
Armour         | 3 5 9 12 13 14 15 16 17 18 | 18.1
Dodging        | 3 6 8 10 11 12 13 | 13.0
Evocations     | 4 5 9 10 12 13 15 | 15.7
Shields        | 2 4 |  4.0
Throwing       | |  1.7

Action                   |  1- 3 |  4- 6 |  7- 9 | 10-12 | 13-15 | 16-18 | 19-21 | 22-24 || total
-------------------------+-------+-------+-------+-------+-------+-------+-------+-------++-------
Melee: Long sword        |    76 |   294 |   205 |       |       |       |       |       ||   575
       Falchion          |       |       |   213 |   681 |  2439 |  2979 |  1579 |       ||  7891
       Rapier            |       |       |       |   105 |    34 |       |       |       ||   139
       Short sword       |       |       |       |       |    85 |    64 |       |       ||   149
       Great sword       |       |       |       |       |       |       |  1299 |   114 ||  1413
Throw: Stone             |    25 |   163 |    71 |    70 |       |       |       |       ||   329
       Javelin           |       |       |       |    35 |    58 |   104 |     5 |       ||   202
       Tomahawk          |       |       |       |    15 |       |       |       |       ||    15
 Abil: Evoke Berserk Rag |       |       |       |       |       |     3 |    14 |     1 ||    18
Evoke: Wand              |       |       |     1 |    14 |     8 |    37 |    33 |     1 ||    94
       Phial of floods   |       |       |       |       |     1 |       |       |       ||     1
       Lamp of fire      |       |       |       |       |       |     2 |     1 |       ||     3
  Use: Scroll            |     5 |     2 |     6 |     3 |    33 |    12 |    13 |     2 ||    76
       Potion            |       |     1 |     1 |     9 |     5 |    12 |       |     2 ||    30
 Stab: Paralysed         |       |       |       |       |     8 |    21 |     5 |       ||    34
       Confused          |       |       |       |       |     2 |     3 |    15 |       ||    20
       Invisible         |       |       |       |       |       |     4 |       |       ||     4
       Distracted        |       |       |       |       |       |       |       |     1 ||     1
  Eat: Chunk             |     2 |     5 |    18 |    24 |    27 |    35 |    32 |     1 ||   144
       Meat ration       |       |     1 |       |       |     2 |       |     2 |       ||     5
       Royal jelly       |       |       |       |     1 |     4 |    11 |     9 |     1 ||    26
       Fruit             |       |       |       |       |     2 |     2 |    11 |       ||    15
       Bread ration      |       |       |       |       |     1 |       |     2 |     1 ||     4
Armor: Leather armour    |     6 |       |       |       |       |       |       |       ||     6
       Scale mail        |    13 |       |       |       |       |       |       |       ||    13
       Chain mail        |     4 |   144 |    94 |       |       |       |       |       ||   242
       Plate armour      |       |       |   127 |   413 |   795 |   841 |  1084 |       ||  3260
       Skin              |       |       |       |    43 |       |       |       |       ||    43
       Storm dragon scal |       |       |       |       |       |       |   152 |    62 ||   214
Dodge: Dodged            |    38 |    97 |   104 |   298 |  1106 |  1535 |  1697 |    75 ||  4950
       Deflected         |       |       |       |       |       |   103 |    63 |       ||   166
Block: Other             |     8 |     4 |       |       |       |       |       |       ||    12
       Reflection        |     1 |     1 |       |       |    31 |   105 |       |       ||   138
       Buckler           |       |       |    59 |   375 |  1265 |  1455 |   442 |       ||  3596
       Rpst.: Long sword |    14 |    31 |    20 |       |       |       |       |       ||    65
       Falchion          |       |       |    10 |    50 |   232 |   290 |   154 |       ||   736
       Great sword       |       |       |       |       |       |       |   201 |    12 ||   213

Vanquished Creatures
  Boris (Vaults:3)
  Bai Suzhen (Snake:3)
  Saint Roka (Vaults:3)
  The ghost of Hailrake the Slayer, an adept MiBe of Trog (Vaults:4)
  Nikola (Depths:2)
  A hellephant (Abyss:2)
  4 liches
  A quicksilver dragon (D:15)
  A titan (D:15)
  A sphinx (Vaults:1)
  Gastronok (D:8)
  A storm dragon (D:15)
  2 ancient champions (Depths:3)
  8 nagarajas
  3 tengu reavers
  2 thorn hunters (Swamp:1)
  7 frost giants
  10 fire giants
  10 vault wardens
  A balrug (Depths:1)
  A deep elf sorcerer (Vaults:1)
  A cacodemon (Depths:2)
  A war gargoyle (Vaults:1)
  21 very ugly things
  7 ironheart preservers
  4 reapers (Depths:3)
  13 stone giants
  3 entropy weavers
  A deep elf annihilator (Vaults:1)
  3 vampire knights
  3 deep elf demonologists
  Azrael (D:14)
  8 spark wasps
  6 ettins
  A deep elf death mage (Vaults:3)
  A crystal guardian (Vaults:3)
  4 blizzard demons
  11 fire dragons
  A green death (Depths:3)
  Josephine (Orc:1)
  7 great orbs of eyes
  11 vault guards
  13 yaktaur captains
  26 hydras
  Erolcha (D:11)
  5 rakshasas
  16 centaur warriors
  A death knight (D:14)
  25 naga warriors
  16 ice dragons
  2 ghost crabs
  9 ogre magi
  7 anacondas
  12 deep troll shamans
  25 two-headed ogres
  4 death yaks (Lair:5)
  3 vampire magi
  9 alligators
  16 deep troll earth magi
  3 orc high priests (Orc:2)
  2 thrashing horrors
  6 tengu warriors
  6 shock serpents
  14 hell knights (Depths:2)
  A wretched star (Abyss:2)
  2 salamander mystics
  10 skeletal warriors
  5 deep elf knights
  4 sun demons (Depths:1)
  5 naga sharpshooters
  2 iron trolls
  An unseen horror (Vaults:1)
  An unseen horror (shapeshifter) (D:15)
  A shadow wraith (Vaults:1)
  A spriggan druid (Swamp:4)
  7 swamp dragons
  22 deep trolls
  5 flayed ghosts
  3 glowing orange brains
  A phantasmal warrior (D:14)
  A lindwurm (Lair:2)
  6 deep elf magi
  9 ironbrand convokers
  3 shambling mangroves
  8 naga ritualists
  14 orc knights
  2 wolf spider zombies
  9 wizards
  9 mana vipers
  5 harpies (Vaults:2)
  5 necromancers
  5 deep elf archers
  14 salamanders
  6 orc sorcerers
  3 wolf spiders
  A faun (shapeshifter) (Depths:2)
  73 ugly things
  A salamander (shapeshifter) (Vaults:1)
  6 cyclopes
  2 manticores
  43 black mambas
  Psyche (D:12)
  11 guardian serpents
  6 vault sentinels
  4 ice statues (IceCv)
  A frost giant skeleton (Depths:1)
  A spriggan zombie (Depths:1)
  5 large abominations
  2 smoke demons (Depths:2)
  2 black mambas (shapeshifter)
  35 naga magi
  2 orange demons
  24 spiny frogs
  5 spectral swamp worms (Depths:3)
  3 rime drakes
  6 kobold demonologists
  A torpor snail (Lair:6)
  An efreet (D:15)
  7 freezing wraiths
  7 komodo dragons
  2 ancient zymes (Abyss:2)
  71 yaktaurs
  3 tengu conjurers
  12 ice devils
  A queen bee (Lair:2)
  A merfolk (D:9)
  A red devil (Depths:1)
  3 trolls
  4 tyrant leeches
  11 polar bears
  A wind drake (shapeshifter) (Depths:1)
  A sphinx simulacrum (Vaults:3)
  19 hornets
  7 bog bodies
  32 blink frogs
  An ice dragon zombie (Depths:1)
  61 slime creatures
  12 hippogriffs
  A harpy skeleton (D:14)
  6 raiju
  An air elemental (Orc:2)
  3 flying skulls (Abyss:2)
  3 shadows
  2 water elementals (D:14)
  A tarantella (shapeshifter) (Depths:2)
  14 wyverns
  18 redbacks
  10 wraiths
  5 spriggans
  A yak (shapeshifter) (Vaults:2)
  A vampire (D:15)
  34 yaks
  A deep troll skeleton (Depths:1)
  4 basilisks
  Grum (D:11)
  A basilisk (shapeshifter) (Vaults:1)
  2 fire elementals (D:14)
  A chaos spawn (Abyss:2)
  3 neqoxecs (Depths:2)
  A steam dragon (D:9)
  A small abomination (Abyss:2)
  2 hungry ghosts
  21 vampire mosquitoes
  Menkaure (D:4)
  22 swamp worms
  13 wargs
  69 nagas
  3 insubstantial wisps (Swamp:3)
  4 acid dragons
  14 hell hounds
  19 water moccasins
  12 porcupines
  9 swamp drakes
  4 sky beasts
  13 black bears
  30 orc warriors
  8 ice beasts
  34 ogres
  A black bear (shapeshifter) (Vaults:1)
  A necrophage (D:13)
  A wolf (shapeshifter) (Vaults:1)
  16 boggarts
  3 eyes of draining
  20 wolves
  14 centaurs
  An ettin simulacrum (Vaults:3)
  7 crocodiles
  A big kobold (Abyss:2)
  21 bullfrogs
  4 elf zombies
  A gnoll sergeant (D:7)
  5 scorpions
  2 wyvern skeletons
  A human simulacrum (Vaults:2)
  2 elf simulacra
  41 killer bees
  17 wights
  3 electric eels
  5 howler monkeys
  2 bullfrog zombies
  20 crimson imps
  2 draconian simulacra (IceCv)
  5 human zombies (Ossuary)
  6 centaur zombies
  4 jellies
  A bullfrog skeleton (D:9)
  5 centaur skeletons
  24 orc priests
  9 hounds
  4 iguanas
  Jessica (D:3)
  23 orc wizards
  4 troll simulacra (IceCv)
  9 worker ants
  3 mummies (Ossuary)
  A worker ant zombie (D:5)
  10 gnolls
  A naga simulacrum (IceCv)
  14 adders
  3 ogre simulacra (IceCv)
  7 shadow imps
  7 white imps (Depths:1)
  An ufetubus (Vaults:3)
  An ooze (D:7)
  4 adder skeletons
  3 adder zombies
  6 worms
  A worm (shapeshifter) (Vaults:4)
  2 dart slugs (D:1)
  7 leopard geckos
  A leopard gecko (shapeshifter) (D:15)
  68 orcs
  4 ball pythons
  2 giant cockroaches
  6 goblins
  7 hobgoblins
  6 jackals
  6 quokkas
  11 bats
  3 frilled lizards
  2 gnoll zombies (D:6)
  A jackal skeleton (D:4)
  9 kobolds
  A quokka skeleton (D:4)
  5 rats
  2 briar patches (Swamp:2)
1936 creatures vanquished.

Vanquished Creatures (collateral kills)
  A deep troll (Depths:3)
  An orc sorcerer (Orc:2)
  An orc wizard (Orc:2)
3 creatures vanquished.

Vanquished Creatures (others)
  A stone giant (Depths:3)
  A hydra (Swamp:4)
  A death knight (Vaults:2)
  A deep troll shaman (Depths:3)
  An iron troll (Depths:3)
  4 deep trolls (Depths:3)
  A spriggan druid (Swamp:4)
  A swamp dragon (Swamp:4)
  A yaktaur (D:15)
  A centaur (D:14)
  A goblin (D:2)
  2 kobolds (Abyss:2)
  2 briar patches (Swamp:2)
  20 fungi
  30 plants
  3 starspawn tentacles (Abyss:1)
71 creatures vanquished.

Grand Total: 2010 creatures vanquished
